 Dungeon Crawl Stone Soup version 0.19.1 (webtiles) character file.

1250 MirrMurr the Basher (level 8, -1/48 HPs)
             Began as a Gargoyle Gladiator on Dec 23, 2016.
             Was a Believer of Ashenzari.
             Slain by a killer bee (5 damage)
             ... on level 5 of the Dungeon.
             The game lasted 00:16:26 (4493 turns).

MirrMurr the Basher (Gargoyle Gladiator)            Turns: 4493, Time: 00:16:27

Health: -1/48      AC: 20    Str: 22    XL:     8   Next: 50%
Magic:  8/8        EV:  8    Int:  8    God:    Ashenzari [**....]
Gold:   135        SH:  6    Dex: 10    Spells: 0 memorised, 7 levels left

rFire  + . .     SeeInvis +     a - +1 flail
rCold  . . .     Gourm    .     E - +1 chain mail {rC+}
rNeg   + . .     Faith    .     t - +2 buckler
rPois  ∞         Spirit   .     c - +1 helmet
rElec  +         Reflect  .     v - +0 cloak
rCorr  .         Harm     .     h - +0 pair of gloves
MR     .....                    n - +0 pair of boots (curse)
Stlth  ..........               (no amulet)
                                i - ring of see invisible
                                g - ring of fire

@: no status effects
A: negative energy resistance 1, electricity resistance, unbreathing,
petrification resistance, rot immunity, AC +5
a: Curse Item, Scrying, Renounce Religion


You were on level 5 of the Dungeon.
You worshipped Ashenzari.
Ashenzari was pleased with you.
You were not hungry.

You visited 1 branch of the dungeon, and saw 5 of its levels.

You collected 166 gold pieces.
You spent 31 gold pieces at shops.

Inventory:

Hand Weapons
 a - a +1 flail (weapon)
 b - a +0 blowgun
 D - a +1 dire flail of protection
Missiles
 d - 2 throwing nets
 k - 101 stones
 w - 7 poisoned needles
 x - 8 javelins (quivered)
 A - 6 needles of sleeping
 C - 5 tomahawks
Armour
 c - a +1 helmet (worn)
 e - a +0 scale mail
 h - a +0 pair of gloves (worn)
 n - a cursed +0 pair of boots (worn)
 t - a +2 buckler (worn)
 v - a +0 cloak (worn)
 E - a +1 chain mail of cold resistance (worn)
Jewellery
 g - a ring of fire (left hand)
 i - a ring of see invisible (right hand)
Scrolls
 o - 4 scrolls of enchant armour
 q - 2 scrolls of teleportation
 y - a scroll of magic mapping
 z - 2 scrolls of remove curse
 F - a scroll of identify
Potions
 r - a potion of brilliance
 u - a potion of cancellation {unknown}
 B - a potion of haste
Comestibles
 f - 3 bread rations
 j - 2 beef jerkies
 l - 3 meat rations
 m - 3 fruits
 s - a slice of pizza
 G - 3 chunks of flesh


   Skills:
 + Level 4.1 Fighting
 * Level 8.7 Maces & Flails
 + Level 2.2 Throwing
 + Level 2.5 Armour
 + Level 3.2 Dodging
 + Level 2.2 Shields


You had 7 spell levels left.
You didn't know any spells.

Dungeon Overview and Level Annotations

Branches:
Dungeon (5/15)             Temple (0/1) D:4

Altars:
Ashenzari
Okawaru
Ru
Zin

Shops:
D:3 *   D:5 *


Innate Abilities, Weirdness & Mutations

You are resistant to torment.
Your stone body is resilient. (AC +5)
You are immune to poison.
You resist negative energy. (rN+)
You are resistant to electric shocks. (rElec)
You can survive without breathing.
You are immune to petrification.
You are immune to rotting.


Message History

You kill the frilled lizard!
The killer bee closely misses you. You block the killer bee's attack.
The killer bee stings you.
* * * LOW HITPOINT WARNING * * *
The killer bee barely misses you. The killer bee closely misses you.
The killer bee stings you but does no damage.
The killer bee stings you.
* * * LOW HITPOINT WARNING * * *
The killer bee stings you but does no damage.
You see here a killer bee corpse.
Your chain mail prevents you from hitting the killer bee.
The killer bee stings you.
* * * LOW HITPOINT WARNING * * *
The killer bee barely misses you. You block the killer bee's attack.
The killer bee stings you but does no damage.
You hit the killer bee.
The killer bee is lightly wounded.
You block the killer bee's attack. The killer bee stings you.
You die...

...### ##....#..## ##........
.....## #.........#####...#.....
###...####...........#.....#.....
# ###...##.......................
# ###...................#......
##....##########≈.......... #
###.....#≈≈........≈.........
#####.......#≈_yy.≈.≈.≈..........
............#≈≈.@......≈.........
............##########≈..........
....##......#..................##
..####......).................##
.##.#.#..##.#..................#
.###.#..#.......#..............#
..#....##)).....#...............#
...#...#...##..#.................
.........#..#................#..#


You could see 2 killer bees.

Vanquished Creatures
  Edmund (D:4)
  The ghost of eXcel the Digger, an amateur GrEE (D:3)
  3 ogres
  A killer bee (D:5)
  A centaur zombie (D:4)
  4 hounds
  Crazy Yiuf (D:2)
  2 bullfrog zombies (D:4)
  3 orc priests
  An orc wizard (D:3)
  A centaur skeleton (D:4)
  Jessica (D:2)
  4 worker ants
  A hound zombie (D:4)
  A hound skeleton (D:4)
  2 worker ant zombies (D:4)
  4 gnolls
  4 adders
  An ooze (D:3)
  An adder zombie (D:4)
  5 leopard geckos
  10 orcs
  2 ball pythons
  7 bats
  7 giant cockroaches
  7 goblins
  11 hobgoblins
  5 jackals
  A quokka (D:3)
  8 frilled lizards
  5 kobolds
  A quokka zombie (D:4)
  8 rats
  A fungus (D:2)
116 creatures vanquished.

Notes
Turn   | Place    | Note
-------+----------+-------------------------------------------
     0 | D:1      | MirrMurr the Gargoyle Gladiator began the quest for the Orb.
     0 | D:1      | Reached XP level 1. HP: 12/12 MP: 1/1
   113 | D:1      | Reached XP level 2. HP: 15/17 MP: 2/2
   328 | D:1      | Reached XP level 3. HP: 8/22 MP: 3/3
   812 | D:2      | Reached skill level 4 in Maces & Flails
  1126 | D:2      | Reached XP level 4. HP: 23/27 MP: 4/4
  1135 | D:2      | Found a faded altar of an unknown god.
  1258 | D:2      | Noticed Jessica
  1266 | D:2      | Killed Jessica
  1304 | D:2      | Became a worshipper of Ashenzari the Shackled
  1304 | D:2      | Reached * piety under Ashenzari
  1586 | D:2      | Found a runed door.
  1590 | D:2      | Noticed Crazy Yiuf
  1599 | D:2      | Killed Crazy Yiuf
  1599 | D:2      | Reached XP level 5. HP: 26/32 MP: 2/5
  1700 | D:3      | Noticed eXcel's ghost (amateur GrEE)
  1710 | D:2      | Reached skill level 5 in Maces & Flails
  1799 | D:3      | Killed eXcel's ghost
  1799 | D:3      | Reached skill level 1 in Armour
  1799 | D:3      | Reached XP level 6. HP: 33/37 MP: 6/6
  1887 | D:3      | Found Zin's Purification Station.
  1891 | D:3      | Found a glowing silver altar of Zin.
  2076 | D:3      | Reached skill level 6 in Maces & Flails
  2428 | D:4      | Reached XP level 7. HP: 40/41 MP: 7/7
  2448 | D:4      | Noticed Edmund
  2475 | D:4      | Killed Edmund
  2475 | D:4      | Reached skill level 7 in Maces & Flails
  2475 | D:4      | Reached skill level 1 in Shields
  2762 | D:5      | Entered Level 5 of the Dungeon
  2773 | D:5      | Reached XP level 8. HP: 18/48 MP: 8/8
  3163 | D:5      | Reached skill level 8 in Maces & Flails
  3310 | D:4      | Found a staircase to the Ecumenical Temple.
  3421 | D:4      | Reached ** piety under Ashenzari
  3486 | D:4      | Found an iron altar of Okawaru.
  3865 | D:5      | Found Acsoi's Assorted Antiques.
  3871 | D:5      | Bought a scroll labeled SUNKUE LUNYILOTI for 31 gold pieces
  4461 | D:5      | Found a sacrificial altar of Ru.
  4493 | D:5      | Slain by a killer bee

Skill      XL: |  1  2  3  4  5  6  7  8 |
---------------+-------------------------+-----
Maces & Flails | 4 5 6 7 8 |  8.7
Fighting       | 3 4 |  4.1
Armour         | 1 2 |  2.5
Throwing       | 2 |  2.2
Dodging        | 3 |  3.2
Shields        | 1 2 |  2.2

Action                   |  1- 3 |  4- 6 |  7- 9 || total
-------------------------+-------+-------+-------++-------
Melee: Flail             |   132 |   152 |   233 ||   517
Throw: Throwing net      |       |     2 |     3 ||     5
       Javelin           |       |       |     3 ||     3
  Use: Scroll            |     3 |     2 |     5 ||    10
       Potion            |       |       |     3 ||     3
 Stab: Held in net/web   |       |       |     1 ||     1
  Eat: Chunk             |     1 |     4 |     7 ||    12
Armor: Scale mail        |    98 |   102 |    20 ||   220
       Leather armour    |     1 |       |       ||     1
       Chain mail        |       |       |   192 ||   192
Dodge: Dodged            |    94 |    84 |   126 ||   304
Block: Buckler           |       |    33 |    92 ||   125
